 Dungeon Crawl Stone Soup version 0.17-a0-2093-gc772f4b (webtiles) character file.

102 Ohli the Poker (level 4, 0/29 HPs)
             Began as a Tengu Berserker on Oct 16, 2015.
             Was a Believer of Trog.
             Slain by an iguana (9 damage)
             ... on level 3 of the Dungeon.
             The game lasted 00:04:45 (2357 turns).

Ohli the Poker (Tengu Berserker)                    Turns: 2357, Time: 00:04:46

Health: 0/29       AC:  6    Str: 17    XL:     4   Next: 77%
Magic:  5/5        EV: 12    Int:  7    God:    Trog [**....]
Gold:   166        SH:  0    Dex: 15    Spells: 0 memorised, 3 levels left

rFire  . . .     SeeInvis .     a - +0 spear
rCold  . . .     Clarity  .     g - +0 ring mail
rNeg   . . .     SustAt   .     (no shield)
rPois  .         Gourm    .     (helmet restricted)
rElec  .         Spirit   .     m - +0 cloak
rCorr  .         Warding  .     (no gloves)
rMut   .         Stasis   .     (boots unavailable)
MR     .....                    (no amulet)
Stlth  +.........               (no ring)
                                (no ring)

@: not resistant to hostile enchantments, very unstealthy
A: beak, talons 3
a: Burn Spellbooks, Berserk, Trog's Hand, Renounce Religion


You were on level 3 of the Dungeon.
You worshipped Trog.
Trog was pleased with you.
You were hungry.

You visited 1 branch of the dungeon, and saw 3 of its levels.

You collected 166 gold pieces.

Inventory:

Hand Weapons
 a - a +0 spear (weapon)
Armour
 g - a +0 ring mail (worn)
 m - a +0 cloak (worn)
Jewellery
 p - a cursed ring of loudness {unknown}
Wands
 s - a wand of slowing (33)
Scrolls
 b - a scroll of identify {unknown}
 d - a scroll of amnesia {unknown}
 e - 3 scrolls of teleportation {unknown}
 h - 3 scrolls of remove curse {unknown}
 i - 2 scrolls of fog {unknown}
 n - a scroll of immolation {unknown}
 r - a scroll of random uselessness {unknown}
Potions
 f - 3 potions of might {unknown}
 j - 2 potions of mutation {unknown}
 k - 4 potions of curing {unknown}
 l - a potion of resistance {unknown}
 o - a potion of ambrosia {unknown}
 q - a potion of agility {unknown}
 t - 2 potions of cure mutation {unknown}
 v - a potion of heal wounds {unknown}
Comestibles
 c - 2 bread rations
 u - 4 chunks of flesh


   Skills:
 + Level 3.7 Fighting
 + Level 4.0 Polearms
 + Level 2.9 Armour
 + Level 3.3 Dodging
 - Level 0.2 Stealth


You had 3 spell levels left.
You didn't know any spells.

Dungeon Overview and Level Annotations

Branches:
Dungeon (3/15)

Altars:
Elyvilon


Innate Abilities, Weirdness & Mutations

You have a beak for a mouth.
You have claws for feet.


Message History

The iguana hisses angrily.
The bat moves out of view.
The bat misses you.
You closely miss the bat. Your kick misses the bat. The bat closely misses you.
The bat hits you but does no damage.
You closely miss the iguana. You claw the iguana, but do no damage.
The bat hits you but does no damage. The iguana barely misses you.
You barely miss the iguana. Your peck misses the iguana.
The bat barely misses you. The bat hits you but does no damage.
The iguana bites you!
You hit the iguana. You claw the iguana, but do no damage.
The iguana is moderately wounded.
The bat closely misses you. The iguana bites you.
You hit the iguana but do no damage. You claw the iguana, but do no damage.
The iguana is moderately wounded.
The bat misses you. The iguana bites you!
You hit the iguana but do no damage. Your kick misses the iguana.
The iguana is moderately wounded.
The bat hits you. The iguana bites you!
You die...

#########........#......
#..........#.[....
#.####....##...... #.#
#.)..........
#.####.....#.#####
#.#...............
#.####.....#.#####
######.## #.....#.#
#...b.@.# #....)#%#
#.....l.# #.###.#.#####
#.......# #.###.#.....#
#.......# #.........#.#
#.......# #####.###.#.#
#.......# #.# #.#.#
#.......# #.# #.#.#
#.......#######.###.#.#
..............#


You could see an iguana and a bat.

Vanquished Creatures
  Jessica (D:2)
  3 adders (D:2)
  An ooze (D:2)
  A giant gecko (D:1)
  An orc (D:3)
  2 giant cockroaches (D:1)
  6 goblins
  5 hobgoblins
  2 jackals (D:3)
  10 kobolds
  A ball python (D:2)
  4 bats (D:2)
  2 giant newts (D:2)
  5 rats
44 creatures vanquished.

Notes
Turn   | Place    | Note
--------------------------------------------------------------
     0 | D:1      | Ohli the Tengu Berserker began the quest for the Orb.
     0 | D:1      | Reached XP level 1. HP: 14/14 MP: 2/2
   183 | D:1      | Reached XP level 2. HP: 19/19 MP: 3/3
  1010 | D:2      | Reached XP level 3. HP: 16/23 MP: 4/4
  1040 | D:2      | Found a white marble altar of Elyvilon.
  1243 | D:2      | Reached ** piety under Trog
  1549 | D:2      | Reached XP level 4. HP: 28/28 MP: 5/5
  1785 | D:2      | Found a faded altar to an unknown god.
  1791 | D:2      | Noticed Jessica
  1800 | D:2      | Killed Jessica
  1800 | D:2      | Reached skill level 4 in Polearms
  2357 | D:3      | Slain by an iguana

Vault maps used:
D:1:      dpeg_arrival_renting
D:2:      ecumenical_altar_1, minmay_misc_feat_cross, minivault_25,
          elyvilon_altar_4, uniq_jessica
D:3:      lemuel_coloured_pillars_altar, first_bread

Action                   |  1- 3 |  4- 6 || total
-------------------------+-------+-------++-------
Melee: Spear             |    91 |    71 ||   162
Invok: Berserk           |       |     1 ||     1
  Eat: Chunk             |     2 |     3 ||     5
